 Dungeon Crawl Stone Soup version 0.31-a0-851-g7ff8af7976 (webtiles) character file.

Game seed: 2351931532056479582

38446 retardedninja the Destroyer (level 14, -2/90 HPs)
             Began as a Gargoyle Fire Elementalist on Oct 5, 2023.
             Was an Elder of Vehumet.
             Slain by a death yak (8 damage)
             ... on level 5 of the Lair of Beasts on Oct 7, 2023.
             The game lasted 01:03:04 (31702 turns).

retardedninja the Destroyer (GrFE)                 Turns: 31702, Time: 01:03:05

Health: -2/90      AC: 16    Str: 12    XL:     14   Next: 2%
Magic:  32/37      EV: 12    Int: 27    God:    Vehumet [****..]
Gold:   963        SH:  5    Dex: 10    Spells: 11/33 levels left

rFire   . . .        z - +3 broad axe (flame)
rCold   . . .        (no shield)
rNeg    + . .        a - +0 robe
rPois   ∞            B - +2 helmet
rElec   +            (no cloak)
rCorr   .            o - +0 pair of gloves
SInv    .            (no boots)
Will    +....        w - amulet of reflection
Stlth   ++           g - +6 ring of intelligence
HPRegen 0.35/turn    C - ring of magical power
MPRegen 0.25/turn

%: reflection
@: flying, hasted and slowed, studying Long Blades
A: sickness immunity, AC +10, big wings, negative energy resistance 1,
electricity resistance, torment resistance 1, petrification resistance
a: Renounce Religion


You were on level 5 of the Lair of Beasts.
You worshipped Vehumet.
Vehumet was greatly pleased with you.
You visited 3 branches of the dungeon, and saw 19 of its levels.
You also visited: Bailey.

You collected 1161 gold pieces.
You spent 198 gold pieces at shops.

Inventory:

Hand Weapons
 z - a +3 broad axe of flaming (weapon)
Missiles
 e - 3 throwing nets
 q - 2 datura-tipped darts
Armour
 a - a +0 robe (worn)
 o - a +0 pair of gloves (worn)
 t - a scarf of shadows
 B - a +2 helmet (worn)
Jewellery
 d - a ring of fire
 g - a +6 ring of intelligence (left hand)
 w - an amulet of reflection (around neck)
 C - a ring of magical power (right hand)
Talismans
 c - a storm talisman
 r - a maw talisman
 I - a blade talisman
Wands
 v - a wand of paralysis (4)
 E - a wand of polymorph (17)
 H - a wand of flame (3)
Scrolls
 f - 4 scrolls of revelation
 k - 2 scrolls of amnesia
 l - a scroll of noise
 n - 3 scrolls of immolation
 s - a scroll of silence
 y - 2 scrolls of fog
 F - a scroll of poison
 G - 5 scrolls of identify
Potions
 b - 3 potions of resistance
 h - 5 potions of brilliance
 i - 3 potions of mutation
 j - 2 potions of haste
 m - a potion of enlightenment
 u - 2 potions of berserk rage
 x - a potion of lignification
 A - 2 potions of degeneration


   Skills:
 + Level 11.0 Fighting
 - Level 3.0 Dodging
 - Level 4.3 Stealth
 + Level 10.0 Spellcasting
 + Level 11.6 Conjurations
 + Level 11.1 Fire Magic
 + Level 8.4 Air Magic
 + Level 5.4 Earth Magic


You had 11 spell levels left.
You knew the following spells:

 Your Spells              Type           Power      Damage    Failure   Level
a - Foxfire               Conj/Fire      100%       2x1d9     1%          1
b - Scorch                Fire           100%       2d9       1%          2
c - Flame Wave            Conj/Fire      66%        2d15      1%          4
d - Stone Arrow           Conj/Erth      100%       3d13      1%          3
e - Plasma Beam           Fire/Air       30%        2x1d43    3%          6
f - Starburst             Conj/Fire      33%        6d10      1%          6

Your spell library contained the following spells:

 Spells                   Type           Power      Damage    Failure   Level
 Sticky Flame             Conj/Fire      66%        2d8       1%          4
 Magic Dart               Conj           100%       1d8       1%          1
 Searing Ray              Conj           100%       2d8       1%          2
 Inner Flame              Hex/Fire       43%        N/A       1%          3
 Volatile Blastmotes      Fire/Tloc      86%        2d17      1%          3
 Fulminant Prism          Conj/Hex       22%        3d12      1%          4
 Iskenderun's Mystic Bla  Conj/Tloc      44%        2d10      1%          4
 Wereblood                Tmut           13%        N/A       6%          2
 Orb of Destruction       Conj           33%        9d10      9%          7
 Ozocubu's Armour         Ice            13%        N/A       13%         3
 Summon Guardian Golem    Hex/Summ       13%        N/A       13%         3
 Spellforged Servitor     Conj/Summ      22%        N/A       61%         7
 Ozocubu's Refrigeration  Ice            6%         4d8       100%        7
 Summon Hydra             Summ           6%         N/A       100%        7
 Sublimation of Blood     Necr           Unusable   N/A       N/A         2

Dungeon Overview and Level Annotations

Branches:
Dungeon (13/15)            Temple (0/1) D:6            Lair (5/5) D:8
  Swamp (0/4) Lair:3       Spider (0/4) Lair:2          Orc (1/2) D:9
 Bailey (visited)
  Slime: Lair:4-5    Vaults: D:13-14

Altars:
Cheibriados
Dithmenos
Elyvilon
Fedhas
Kikubaaqudgha
Nemelex Xobeh
Okawaru
Trog
Uskayaw
Vehumet
Xom
Yredelemnul
Zin
The Shining One

Shops:
D:8 (

Annotations:
D:3 1 runed translucent door, Crazy Yiuf
D:11 3 runed translucent doors, bahustanut's ghost, journeyman OpHu
D:13 Azrael
Lair:1 1 runed translucent door, javelincjr's ghost, journeyman OpHW
Orc:1 Urug


Innate Abilities, Weirdness & Mutations

You are immune to sickness and miasma.
Your stone body is resilient. (AC +10)
You are immune to poison.
Your large and strong wings let you fly.
You resist negative energy. (rN+)
You are resistant to electric shocks. (rElec)
You are resistant to unholy torment.
You are immune to petrification.


Message History

Confirm with . or Enter, or press ? or * to list all spells.
Casting: Plasma Beam (dangerous; 3% risk of failure)
Press: ? - help, Dir - look around, f - activate Look: a death yak (2x88% to hit)
The bolt of lightning hits the death yak!!
The death yak is heavily wounded.
The bolt of lightning hits the torpor snail!!
The torpor snail is heavily wounded.
The fiery plasma hits the death yak.
The death yak is heavily wounded.
The fiery plasma hits the torpor snail!!
The torpor snail is severely wounded.
You hear a croak.
You hear a bellow! x2
The death yak gores you.
* * * LOW HITPOINT WARNING * * *
The yak closely misses you. The yak gores you.
* * * LOW HITPOINT WARNING * * *
The yak gores you.
* * * LOW HITPOINT WARNING * * *
The death yak closely misses you. The yak gores you but does no damage.
You feel better. The yak barely misses you.
The death yak gores you but does no damage.
The yak gores you!
* * * LOW HITPOINT WARNING * * *
The yak gores you!
* * * LOW HITPOINT WARNING * * *
You feel better. You block the yak's attack.
The death yak gores you but does no damage.
You block the yak's attack. The death yak barely misses you.
The yak gores you but does no damage.
You feel yourself speed up. The yak gores you!
* * * LOW HITPOINT WARNING * * *
You block the yak's attack.
The death yak attacks as it pursues you!
The death yak closely misses you. You block the yak's attack.
You feel yourself speed up.
Being near the torpor snail leaves you feeling lethargic.
The death yak attacks as it pursues you!
The death yak gores you!
You die...

..P.#.........................#..
...#..........<............##.# .
#..........................####
÷......................#..##
.....................w....##
........................P..#
.....................Y....#.# .
...............#............# ##.
.............#..@Y.YY......###P§.
###..###.########YSY..........§..
# #### ### #####............
#####.......# ...##......##
......#....# .....#Y..# #
.......### ....#..


You could see a death yak, a torpor snail, 5 yaks and a water moccasin.

Vanquished Creatures
  3 hydras (D:13)
  A catoblepas (Lair:5)
  A centaur warrior (D:13)
  A boulder beetle (D:13)
  4 two-headed ogres
  3 death yaks (Lair:5)
  An orb spider (Lair:2)
  2 bog bodies (Lair:3)
  A deep elf pyromancer (D:11)
  3 ugly things
  5 black mambas
  3 cyclopes
  Maurice (D:13)
  4 elephants
  2 gargoyles
  7 cane toads
  Maggie (Lair:1)
  An unseen horror (D:11)
  Jeremiah (D:9)
  2 rime drakes (Lair:4)
  9 komodo dragons
  4 trolls
  A polar bear (Lair:4)
  3 hornets
  8 blink frogs
  Grinder (D:3)
  4 slime creatures (D:12)
  Sigmund (D:2)
  A wraith (D:12)
  A vampire (D:12)
  A shadow (D:10)
  5 wyverns
  23 yaks
  A basilisk (shapeshifter) (D:13)
  2 basilisks
  2 steam dragons (D:8)
  4 vampire mosquitoes (D:12)
  A harpy simulacrum (D:13)
  2 hell hounds (D:12)
  15 water moccasins
  A sky beast (D:6)
  3 black bears
  4 orc warriors
  4 ice beasts
  An ogre (D:7)
  10 centaurs
  6 wolves
  A phantom (D:7)
  A kobold brigand (D:7)
  16 bullfrogs
  2 scorpions
  7 wights
  3 electric eels
  3 howler monkeys
  A hound (D:6)
  4 jellies
  A gnoll bouda (D:5)
  4 orc priests
  An iguana (Lair:5)
  A sleepcap (D:5)
  Terence (D:3)
  6 hell rats (Lair:3)
  17 orc wizards
  3 gnolls (D:5)
  5 adders
  2 white imps (D:7)
  3 worms
  A dart slug (D:2)
  28 orcs
  11 bats
  11 endoplasms
  5 giant cockroaches
  11 goblins
  7 hobgoblins
  11 jackals
  20 kobolds
  6 quokkas
  8 ball pythons
  2 frilled lizards
  5 rats
  3 foxfires
376 creatures vanquished.

Vanquished Creatures (collateral kills)
  3 foxfires
3 creatures vanquished.

Vanquished Creatures (others)
  938 foxfires
938 creatures vanquished.

Grand Total: 1317 creatures vanquished

Notes
Turn   | Place    | Note
-------+----------+-------------------------------------------
     0 | D:1      | retardedninja the Gargoyle Fire Elementalist began the
                  | quest for the Orb.
     0 | D:1      | Reached XP level 1. HP: 10/10 MP: 3/3
   197 | D:1      | Reached XP level 2. HP: 15/15 MP: 1/5
   957 | D:1      | Reached XP level 3. HP: 19/19 MP: 3/6
   995 | D:1      | Found a faded altar of an unknown god.
  1977 | D:2      | Reached XP level 4. HP: 24/24 MP: 4/7
  2033 | D:2      | Noticed Sigmund
  2051 | D:1      | Learned a level 2 spell: Scorch
  2452 | D:2      | Found a glowing golden altar of the Shining One.
  2677 | D:2      | Killed Sigmund
  2678 | D:2      | Reached XP level 5. HP: 8/28 MP: 0/9
  2678 | D:2      | Reached XP level 6. HP: 9/32 MP: 0/10
  3349 | D:3      | Noticed Grinder
  3359 | D:3      | Killed Grinder
  3360 | D:3      | Reached XP level 7. HP: 36/36 MP: 2/12
  4025 | D:3      | Noticed Terence
  4031 | D:3      | Killed Terence
  4440 | D:3      | Found a blossoming altar of Fedhas.
  4542 | D:3      | Found a runed translucent door.
  4543 | D:3      | Noticed Crazy Yiuf
  5225 | D:4      | Found a radiant altar of Vehumet.
  5269 | D:4      | Became a worshipper of Vehumet
  5368 | D:4      | Found a bloodstained altar of Trog.
  6076 | D:5      | Entered Level 5 of the Dungeon
  6325 | D:5      | Reached skill level 1 in Fighting
  6723 | D:5      | Noticed a yak
  6723 | D:5      | Noticed a yak
  6834 | D:5      | Identified the +1 pair of boots of the Volcano {rC+ Int-4
                  | Dex+3 SInv}
  6874 | D:5      | Reached skill level 1 in Air Magic
  7099 | D:5      | Reached XP level 8. HP: 44/44 MP: 8/13
  7128 | D:5      | Reached skill level 5 in Fire Magic
  7232 | D:5      | Noticed a yak
  7232 | D:5      | Noticed a yak
  7232 | D:5      | Noticed a yak
  7232 | D:5      | Noticed a yak
  7251 | D:6      | Learned a level 4 spell: Flame Wave
  7255 | D:6      | Learned a level 3 spell: Inner Flame
  8003 | D:6      | Found a shadowy altar of Dithmenos.
  8047 | D:6      | Reached skill level 5 in Conjurations
  8316 | D:6      | Found a staircase to the Ecumenical Temple.
  8481 | D:6      | Reached * piety under Vehumet
  8481 | D:6      | Offered knowledge of Kiss of Death by Vehumet.
  8482 | D:6      | Reached XP level 9. HP: 44/52 MP: 5/16
  8780 | D:6      | Reached skill level 5 in Spellcasting
  9574 | D:7      | Found an ancient bone altar of Kikubaaqudgha.
  9660 | D:7      | Reached ** piety under Vehumet
  9827 | D:7      | Found a flagged portal.
  9865 | D:7      | Offered knowledge of Freeze by Vehumet.
  9885 | Bailey   | Entered a bailey
 10460 | D:7      | Found a snail-covered altar of Cheibriados.
 10650 | D:8      | Found a staircase to the Lair.
 10692 | D:8      | Reached skill level 5 in Fighting
 10982 | D:8      | Found Xumesh's Hydra Hut.
 10987 | D:8      | Noticed a five-headed hydra
 10990 | D:8      | Bought a +1 broad axe of flaming for 198 gold pieces
 11002 | D:8      | Noticed a hornet
 11009 | D:8      | Killed a hornet
 11203 | D:8      | Reached XP level 10. HP: 31/59 MP: 18/18
 11895 | D:8      | Found a hide-covered altar of Uskayaw.
 13358 | D:9      | Noticed a two-headed ogre
 13359 | D:9      | Noticed a two-headed ogre
 13367 | D:8      | Killed a two-headed ogre
 14158 | D:8      | Killed a two-headed ogre
 14159 | D:8      | Reached skill level 5 in Air Magic
 14461 | D:9      | Noticed Jeremiah
 15755 | D:9      | Killed Jeremiah
 15756 | D:9      | Reached XP level 11. HP: 61/67 MP: 21/21
 15794 | D:9      | Offered knowledge of Frozen Ramparts by Vehumet.
 16002 | D:9      | Found a basalt altar of Yredelemnul.
 16002 | D:9      | Found a sparkling altar of Nemelex Xobeh.
 16041 | D:9      | Reached *** piety under Vehumet
 16149 | D:9      | Found a white marble altar of Elyvilon.
 16151 | D:9      | Found a staircase to the Orcish Mines.
 16300 | Orc:1    | Entered Level 1 of the Orcish Mines
 16300 | Orc:1    | Noticed Urug
 16565 | D:10     | Entered Level 10 of the Dungeon
 16610 | D:9      | Found a shimmering altar of Xom.
 16610 | D:9      | Found a glowing silver altar of Zin.
 16610 | D:9      | Found an iron altar of Okawaru.
 17067 | D:10     | Learned a level 6 spell: Plasma Beam
 17687 | D:10     | Noticed a two-headed ogre
 17691 | D:10     | Killed a two-headed ogre
 17917 | D:11     | Found a runed translucent gate.
 17918 | D:11     | Found a runed translucent gate.
 17934 | D:11     | Noticed a red ugly thing
 17938 | D:11     | Killed a red ugly thing
 18140 | D:11     | Noticed bahustanut's ghost (journeyman OpHu)
 18287 | D:11     | Found a runed translucent gate.
 18372 | D:11     | Noticed a two-headed ogre
 18374 | D:11     | Killed a two-headed ogre
 18376 | D:11     | Noticed a cyclops
 18385 | D:11     | Killed a cyclops
 20423 | D:11     | Noticed a deep elf pyromancer
 20441 | D:11     | Killed a deep elf pyromancer
 21500 | D:12     | Noticed a red ugly thing
 21500 | D:12     | Noticed a red ugly thing
 21510 | D:12     | Killed a cyan ugly thing
 21511 | D:12     | Killed a cyan ugly thing
 21512 | D:12     | Reached XP level 12. HP: 46/75 MP: 4/24
 22145 | D:13     | Learned a level 6 spell: Starburst
 22281 | D:13     | Noticed a centaur warrior
 22288 | D:13     | Offered knowledge of Stone Arrow by Vehumet.
 22291 | D:13     | Killed a centaur warrior
 22387 | D:13     | Noticed a five-headed hydra
 22390 | D:13     | Killed a five-headed hydra
 22392 | D:13     | Noticed Maurice
 22405 | D:13     | Killed Maurice
 22421 | D:13     | Noticed a five-headed hydra
 22631 | D:13     | Noticed Azrael
 22860 | D:12     | Learned a level 3 spell: Stone Arrow
 22861 | D:13     | Noticed a boulder beetle
 23164 | D:13     | Noticed a five-headed hydra
 23312 | D:13     | Killed a five-headed hydra
 23313 | D:13     | Reached skill level 10 in Conjurations
 23637 | D:13     | Killed a five-headed hydra
 23656 | D:13     | Killed a boulder beetle
 24036 | Lair:1   | Entered Level 1 of the Lair of Beasts
 24136 | Lair:1   | Found a runed translucent door.
 24136 | Lair:1   | Found a shimmering altar of Xom.
 24136 | Lair:1   | Noticed javelincjr's ghost (journeyman OpHW)
 24594 | Lair:1   | Noticed Maggie
 24598 | Lair:1   | Killed Maggie
 24599 | Lair:1   | Reached skill level 10 in Fire Magic
 25904 | Lair:2   | Found a hole to the Spider Nest.
 25908 | Lair:2   | Reached skill level 1 in Earth Magic
 26114 | Lair:2   | Reached XP level 13. HP: 82/82 MP: 23/26
 26411 | Lair:2   | Reached skill level 10 in Fighting
 26535 | Lair:2   | Identified the +5 short sword of Contradiction {speed,
                  | *Rage rCorr Dex+3}
 26946 | Lair:3   | Reached **** piety under Vehumet
 26950 | Lair:3   | Offered knowledge of Sticky Flame by Vehumet.
 27063 | Lair:3   | Found a staircase to the Swamp.
 29356 | Lair:4   | Identified the ring of Zovvuy {Ice rCorr Str+2}
 29637 | Lair:5   | Entered Level 5 of the Lair of Beasts
 30663 | Lair:5   | Reached skill level 5 in Earth Magic
 31292 | Lair:5   | Gained mutation: Your large and strong wings let you fly.
                  | [Gargoyle growth]
 31292 | Lair:5   | Reached XP level 14. HP: 90/90 MP: 24/27
 31302 | Lair:5   | Reached skill level 10 in Spellcasting
 31693 | Lair:5   | HP: 3/90 [yak (13)]
 31702 | Lair:5   | Slain by a death yak

Illustrated notes

Levels and vault maps discovered:
D:1:      lightli_arrival_windingriver, layout_loops_ring,
          shapermc_ecumenical_altar_mp_urbaneastern
D:2:      layout_loops_ring, basic_altar, minmay_tromino_v4_c, uniq_sigmund
D:3:      layout_loops_corners, fedhas_altar_2, uniq_crazy_yiuf_cottage,
          uniq_grinder, uniq_terence
D:4:      layout_rooms, old_standard_altar, vehumet_crystals
D:5:      layout_loops_corners
D:6:      layout_loops_corners, lemuel_crystal_altar, temple_pool_b
D:7:      layout_cave_pools, mainiacjoe_overflow_catwalk, kennysheep_mini,
          enter_bailey_5, grunt_ogre_cave, hangedman_abyss_or_decor_stabs,
          hangedman_decor_diamond_cutter, minmay_a_box_with_orc_wizards_in_it
D:8:      layout_gridville, nicolae_uskayaw_dance_hall, dpeg_oklobed_lair,
          doesnt_shop_hydraphobe
D:9:      layout_rooms, nicolae_overflow_two_pavilions,
          nicolae_overflow_hidden_temple, uniq_jeremiah
D:10:     layout_gridville
D:11:     layout_basic, gammafunk_ghost_icy, gauntlet_entry_generic,
          minmay_checkerbox
D:12:     layout_small_grid
D:13:     layout_basic, portal_ice_cave_entry_animals_and_master, uniq_maurice,
          uniq_azrael
Lair:1:   layout_layer_cave, ebering_ghost_xom, uniq_maggie
Lair:2:   layout_chaotic_city, nicolae_spider_entry_orb_guardian,
          fungi_pond_lemuel
Lair:3:   layout_cave_pods, skrybe_swamp_entry_bodies, hibernation_bobbens,
          lemuel_fruit_tree, infiniplex_staircase_pool
Lair:4:   layout_cave_shapes, serial_bayou_shore_a, grunt_megastairs_4
Lair:5:   hangedman_lair_in_review, layout_layer_cave, guppyfry_lair_end_dragon,
          nicolae_slime_entry_field_trip, serial_bayou_shore_b
Orc:1:    minmay_goldmine, layout_diamond_mine, basic_altar, uniq_urug

Skill      XL: |  1  2  3  4  5  6  7  8  9 10 11 12 13 14 |
---------------+-------------------------------------------+-----
Dodging        | 2 3 |  3.0
Conjurations   | 2 3 4 5 6 8 9 10 11 | 11.6
Stealth        | 3 4 |  4.3
Spellcasting   | 3 4 5 7 8 9 10 | 10.0
Fire Magic     | 4 5 6 8 9 10 11 | 11.1
Fighting       | 2 3 5 7 8 9 11 | 11.0
Air Magic      | 1 2 4 5 6 7 8 |  8.4
Earth Magic    | 1 5 |  5.4

Action                     |  1- 3 |  4- 6 |  7- 9 | 10-12 | 13-15 || total
---------------------------+-------+-------+-------+-------+-------++-------
  Melee: War axe           |    15 |     3 |       |       |       ||    18
         Halberd           |       |       |     4 |       |       ||     4
         Battleaxe         |       |       |     6 |       |       ||     6
         Broad axe         |       |       |       |    17 |    17 ||    34
         Punch             |       |       |       |       |     1 ||     1
   Cast: Foxfire           |   110 |    58 |   182 |   170 |    53 ||   573
         Scorch            |       |     4 |    84 |    84 |    21 ||   193
         Flame Wave        |       |       |     5 |    18 |    14 ||    37
         Plasma Beam       |       |       |       |    63 |    65 ||   128
         Stone Arrow       |       |       |       |     5 |       ||     5
         Starburst         |       |       |       |     1 |     3 ||     4
  Evoke: Wand              |       |       |       |    12 |       ||    12
    Use: Potion            |       |     2 |     3 |     4 |     4 ||    13
         Scroll            |       |       |    15 |    21 |     6 ||    42
 Armour: Robe              |    47 |    21 |    97 |   269 |   187 ||   621
  Dodge: Dodged            |    47 |    20 |    72 |   123 |   123 ||   385
  Block: Other             |       |       |    10 |    38 |    42 ||    90
         Reflection        |       |       |     1 |     4 |       ||     5

Table legend: (Time is in decaauts)
 A = Elapsed time spent in this place.
 B = Non-inter-level travel time spent in this place.
 C = Inter-level travel time spent in this place.
 D = Time resting spent in this place.
 E = Time spent auto-exploring this place.
 F = Levels seen in this place.
 G = Mean time per level.
                   A        B        C        D        E       F      G
               +--------+--------+--------+--------+--------+-----+--------+
         Total |  31789 |  31191 |    598 |  13175 |  13816 |  20 | 1589.4 |
       Dungeon |  24065 |  23596 |    469 |  10787 |   9421 |  13 | 1851.2 |
          Lair |   7713 |   7584 |    129 |   2388 |   4394 |   5 | 1542.6 |
  Orcish Mines |      1 |      1 |      0 |      0 |      0 |   1 |    1.0 |
        Bailey |      9 |      9 |      0 |      0 |      0 |   1 |    9.0 |
               +--------+--------+--------+--------+--------+-----+--------+

Top non-repeatable levels by time:
     D:8: 4562 daAuts
    D:12: 2805 daAuts
    D:11: 2156 daAuts
  Lair:4: 2119 daAuts
     D:6: 1948 daAuts
  Lair:3: 1770 daAuts
    D:10: 1763 daAuts
     D:2: 1743 daAuts
     D:7: 1715 daAuts
     D:3: 1714 daAuts
  Lair:1: 1689 daAuts
     D:1: 1506 daAuts
  Lair:2: 1309 daAuts
     D:9: 1178 daAuts
     D:5: 1168 daAuts
